Map: King's Cove LE

Players

Ragnarok (SHIN)

  • Race: Zerg Zerg
  • Spawn Location: 5:00

ShoWTimE - Winner!

  • Race: Protoss Protoss
  • League: Grandmaster
  • Spawn Location: 11:00

Event: 2019 Assembly Summer

VOD

Have the link to the VOD?

Description

Time

  • Played on: Aug. 2, 2019, 5:57 a.m.
  • Length: 17:19

All games in this series

Show
View Real Time Build Order
Export as new Build Order

Ragnarok Zerg 

Build Orders: Hatch First, Brood Lord Corruptor, Swarm Host 

Get SALT Encoding   

  12  0:01  Drone  
  13  0:09  Drone  
  14  0:17  Overlord  
  14  0:23  Drone, Extractor  
  15  0:36  Drone x2  
  17  0:52  Hatchery  
  17  0:56  Drone  
  17  0:59  Drone  
  18  1:10  Extractor  
  17  1:15  Spawning Pool  
  17  1:18  Drone  
  17  1:21  Drone  
  18  1:28  Drone  
  19  1:37  Drone  
  20  1:50  Drone  
  21  2:02  Zergling x2  
  21  2:03  Queen x2  
  21  2:04  Zergling x2  
  27  2:11  Overlord  
  27  2:17  Metabolic Boost  
  27  2:18  Drone  
  28  2:29  Drone  
  29  2:31  Drone x2  
  32  2:37  Drone  
  32  2:43  Hatchery  
  31  2:46  Drone  
  32  2:52  Queen  
  32  2:57  Overlord  
  34  3:00  Drone  
  34  3:02  Drone  
  36  3:13  Overlord  
  36  3:16  Drone x2  
  36  3:17  Drone  
  36  3:18  Drone x2  
  36  3:19  Drone  
  42  3:28  Queen  
  42  3:29  Overlord  
  42  3:33  Drone  
  45  3:38  Drone  
  45  3:41  Overlord  
  46  3:48  Spore Crawler, Drone  
  46  3:49  Drone x2  
  46  3:50  Spore Crawler  
  46  3:51  Drone x2  
  49  3:56  Queen  
  49  3:59  Drone  
  52  4:05  Drone, Zergling x4  
  52  4:06  Drone  
  56  4:12  Spore Crawler, Drone  
  56  4:13  Drone x2  
  56  4:16  Extractor  
  57  4:17  Drone  
  57  4:18  Drone  
  57  4:19  Drone  
  57  4:22  Zergling x2  
  57  4:23  Drone  
  62  4:25  Overlord  
  62  4:29  Drone  
  63  4:33  Overlord  
  63  4:35  Drone  
  63  4:38  Drone x2  
  65  4:40  Lair  
  65  4:42  Overlord  
  65  4:45  Zergling x4  
  67  4:46  Drone  
  67  4:50  Roach Warren  
  67  4:55  Spore Crawler, Drone  
  67  4:59  Drone  
  68  5:00  Drone  
  68  5:01  Drone x4  
  68  5:02  Extractor  
  68  5:04  Extractor  
  68  5:05  Drone x3  
  74  5:10  Drone x3  
  78  5:16  Overlord  
  78  5:17  Extractor  
  78  5:18  Spore Crawler  
  76  5:24  Drone  
  76  5:27  Drone x4  
  81  5:29  Overlord  
  81  5:30  Drone  
  81  5:31  Drone x2  
  81  5:33  Drone  
  85  5:39  Glial Reconstitution  
  85  5:40  Drone x4  
  85  5:42  Drone x3  
  87  5:43  Drone x2  
  89  5:55  Extractor  
  88  5:58  Queen  
  88  5:59  Zergling x2  
  88  6:00  Hatchery, Roach x2  
  88  6:02  Roach x2  
  88  6:03  Roach  
  99  6:10  Infestation Pit  
  98  6:12  Overlord x2  
  98  6:13  Roach x3  
  98  6:17  Overlord  
  106  6:18  Roach  
  106  6:19  Overlord  
  106  6:21  Overlord  
  106  6:24  Overlord  
  106  6:32  Roach, Zergling x8  
  112  6:36  Ravager  
  112  6:37  Ravager  
  112  6:39  Roach, Zergling x2  
  116  6:40  Zergling x4  
  116  6:45  Overlord x2  
  118  6:47  Nydus Network  
  118  6:48  Overlord  
  117  7:01  Swarm Host x7  
  117  7:02  Evolution Chamber  
  117  7:06  Swarm Host x2  
  143  7:10  Swarm Host  
  146  7:18  Swarm Host x4  
  146  7:22  Roach x3  
  156  7:28  Overlord  
  156  7:29  Roach, Zergling x6  
  157  7:36  Nydus Canal  
  157  7:38  Roach, Zergling x8  
  162  7:44  Roach, Zergling x6  
  162  7:49  Nydus Canal  
  167  7:53  Ravager x3  
  167  7:54  Roach, Ravager, Zergling x2  
  167  7:55  Zergling x8  
  167  7:56  Nydus Canal  
  176  8:01  Roach x2  
  178  8:05  Roach  
  178  8:06  Roach x3  
  178  8:10  Roach, Zergling x2  
  178  8:12  Nydus Canal  
  187  8:14  Roach x4  
  187  8:17  Overlord  
  191  8:20  Overlord  
  191  8:26  Overlord, Nydus Canal  
  191  8:31  Roach, Zergling x10  
  187  8:36  Nydus Canal  
  187  8:37  Roach  
  187  8:38  Roach  
  187  8:40  Roach x3  
  185  8:41  Roach  
  185  8:43  Zergling x4  
  185  8:48  Zergling x8  
  189  8:52  Nydus Canal  
  189  8:53  Roach  
  189  8:54  Roach, Zergling x2  
  188  9:02  Roach, Zergling x4  
  187  9:03  Zergling x4  
  187  9:06  Ravager x6  
  195  9:13  Zerg Missile Weapons Level 1  
  195  9:18  Roach, Zergling x6  
  195  9:19  Nydus Canal  
  199  9:30  Zergling x2  
  197  9:31  Nydus Canal  
  197  9:36  Baneling Nest  
  192  9:41  Roach, Zergling x2  
  192  9:42  Zergling x16  
  195  9:47  Ravager x4  
  195  9:52  Nydus Canal  
  195  9:55  Roach, Zergling x6  
  196  10:05  Roach, Zergling x8  
  198  10:10  Roach, Zergling x8  
  200  10:16  Roach, Zergling x12  
  192  10:25  Roach  
  192  10:26  Roach x2  
  179  10:29  Nydus Canal  
  179  10:30  Roach x3  
  169  10:38  Roach, Zergling x10  
  165  10:46  Roach x2  
  165  10:49  Roach  
  165  10:50  Roach  
  154  10:57  Centrifical Hooks  
  154  11:01  Hive, Extractor  
  154  11:02  Drone x2, Spire, Extractor  
  149  11:04  Queen  
  149  11:08  Queen  
  149  11:11  Ravager x5  
  156  11:12  Roach, Zergling x4  
  156  11:17  Zergling x10  
  164  11:23  Drone  
  164  11:24  Drone x2  
  167  11:26  Zergling x2  
  167  11:29  Ravager x2  
  167  11:31  Roach, Zergling x8  
  176  11:34  Zerg Melee Weapons Level 1  
  176  11:39  Roach, Zergling x2  
  180  11:40  Zergling x2  
  179  11:47  Hatchery  
  179  11:51  Baneling x6  
  178  11:54  Baneling x4  
  171  12:04  Zergling x2  
  171  12:05  Roach, Zergling x12  
  177  12:14  Greater Spire  
  177  12:21  Corruptor x3  
  183  12:28  Corruptor x2  
  185  12:30  Corruptor  
  185  12:33  Corruptor  
  188  12:37  Corruptor  
  189  12:53  Roach, Zergling x2  
  189  12:54  Zergling x16  
  200  13:04  Nydus Canal  
  187  13:28  Brood Lord x6  
  187  13:33  Zerg Missile Weapons Level 2  
  199  13:39  Zerg Flyer Weapons Level 1  
  199  13:41  Evolution Chamber, Extractor  
  196  13:45  Extractor  
  194  13:50  Brood Lord x2  
  194  13:51  Drone x2  
  194  13:52  Drone x5  
  195  14:09  Zerg Melee Weapons Level 2  
  189  14:10  Pathogen Glands  
  189  14:11  Drone x3  
  189  14:12  Drone, Burrow  
  189  14:13  Drone x2  
  189  14:15  Corruptor x2  
  193  14:25  Corruptor x2  
  197  14:45  Corruptor x3  
  193  14:51  Corruptor  
  198  14:54  Corruptor x2  
  198  15:04  Roach, Zergling x6  
  198  15:06  Zergling x2  
  196  15:18  Corruptor  
  196  15:19  Corruptor x2  
  195  15:28  Brood Lord x2  
  195  15:33  Corruptor  
  195  15:34  Corruptor  
  195  15:35  Corruptor  
  196  15:36  Zergling x6  
  196  15:39  Corruptor x2  
  196  15:41  Baneling x3  
  196  15:42  Baneling x6  
  197  15:44  Corruptor  
  197  15:45  Corruptor, Zergling x2  
  194  15:50  Corruptor  
  194  15:51  Zergling x4  
  194  15:54  Roach, Zergling x2  
  194  15:56  Roach, Zergling x2  
  192  16:01  Corruptor  
  192  16:02  Zergling x4  
  179  16:05  Infestor  
  176  16:12  Brood Lord  
  176  16:16  Roach, Zergling x4  
  174  16:22  Roach, Zergling x2  
  174  16:23  Zergling x8  
  156  16:28  Roach, Zergling x6  
  156  16:32  Roach  
  155  16:39  Roach x3  
  141  16:42  Roach  
  131  16:51  Roach, Zergling x2  
  131  16:53  Zergling x2  
  112  16:58  Roach x4  
  106  17:10  Ravager x2  
Show
View Real Time Build Order
Export as new Build Order

ShoWTimE Protoss - Winner!

Build Orders: 1 Gate Expand, Oracle Opening, Phoenix Opening, Archon Immortal 

Get SALT Encoding   

  12  0:00  Probe  
  13  0:12  Probe  
  14  0:18  Pylon  
  14  0:24  Probe  
  15  0:32  Probe  
  15  0:40  Probe  
  15  0:41  Gateway  
  16  0:47  Assimilator  
  17  0:51  Probe  
  18  1:03  Probe  
  19  1:15  Probe  
  20  1:27  Nexus  
  20  1:29  Probe  
  21  1:40  Cybernetics Core  
  21  1:43  Probe  
  22  1:49  Assimilator  
  22  1:56  Pylon  
  22  1:58  Probe  
  23  2:07  Adept  
  23  2:14  Probe  
  24  2:20  Stargate  
  26  2:26  Probe  
  26  2:27  Warp Gate  
  27  2:35  Probe  
  27  2:36  Probe  
  27  2:37  Adept  
  27  2:43  Probe  
  31  2:44  Probe  
  33  2:52  Probe  
  33  2:55  Probe  
  35  2:59  Phoenix  
  35  3:04  Probe  
  38  3:07  Probe  
  39  3:16  Oracle, Probe, Pylon  
  41  3:20  Probe  
  44  3:29  Probe  
  44  3:31  Gateway  
  44  3:32  Probe  
  46  3:40  Assimilator  
  46  3:41  Probe  
  47  3:42  Assimilator  
  47  3:45  Probe, Oracle  
  47  3:47  Pylon  
  48  3:53  Probe  
  52  3:57  Probe  
  53  4:05  Probe  
  53  4:09  Probe  
  55  4:11  Robotics Facility  
  55  4:14  Oracle  
  55  4:17  Probe  
  55  4:22  Probe  
  60  4:25  Pylon  
  60  4:31  Sentry  
  62  4:41  Nexus  
  62  4:44  Pylon  
  62  4:47  Probe, Pylon  
  62  4:48  Probe  
  62  4:52  Immortal  
  64  4:55  Sentry x2  
  68  5:01  Pylon  
  68  5:04  Probe  
  68  5:05  Shield Battery  
  73  5:14  Forge  
  73  5:16  Twilight Council  
  73  5:20  Sentry  
  75  5:21  Warp Prism, Probe x2  
  77  5:31  Sentry  
  77  5:33  Probe x2  
  83  5:45  Probe  
  83  5:46  Probe  
  83  5:47  Sentry  
  87  5:51  Gateway, Observer  
  87  5:52  Gateway  
  87  5:53  Charge  
  87  5:55  Probe  
  88  6:00  Probe  
  90  6:04  Probe  
  90  6:05  Adept  
  90  6:07  Probe  
  90  6:08  Protoss Ground Weapons Level 1  
  90  6:10  Zealot  
  96  6:12  Probe  
  96  6:16  Probe  
  96  6:17  Immortal  
  102  6:21  Probe  
  102  6:24  Probe  
  104  6:28  Probe, Assimilator  
  104  6:31  Assimilator, Pylon  
  105  6:33  Probe  
  105  6:36  Probe  
  107  6:40  Probe  
  107  6:43  Pylon  
  107  6:45  Templar Archives  
  107  6:46  Immortal  
  108  6:50  Gateway  
  108  6:54  Gateway  
  108  6:59  Gateway  
  108  7:00  Gateway  
  112  7:05  Zealot x3  
  118  7:13  Pylon  
  118  7:19  Pylon  
  118  7:23  Blink  
  118  7:25  Probe  
  118  7:29  Probe  
  117  7:31  Probe  
  117  7:34  Immortal  
  122  7:38  Probe  
  123  7:45  Stalker x4  
  123  7:47  Pylon  
  123  7:48  Protoss Ground Weapons Level 2  
  131  7:52  Pylon  
  131  7:56  Pylon  
  131  7:58  Stalker  
  133  8:00  Pylon  
  133  8:10  Pylon  
  133  8:11  Stalker x4, Pylon  
  141  8:22  Zealot x4  
  141  8:36  Zealot x4  
  145  8:44  Zealot x4  
  149  9:03  Nexus  
  149  9:04  Pylon  
  149  9:06  High Templar x8  
  165  9:11  Archon x2, Pylon  
  165  9:12  Archon  
  165  9:19  Archon  
  160  9:39  Stalker x7  
  160  9:45  Stalker  
  162  9:56  Immortal  
  166  10:02  Zealot x7  
  174  10:08  Zealot  
  174  10:11  Shield Battery  
  156  10:23  Stalker x3  
  156  10:24  Stalker x4  
  148  10:38  Immortal, Stalker  
  150  10:49  Zealot x7  
  158  11:06  Nexus  
  158  11:07  Protoss Ground Weapons Level 3  
  158  11:08  Pylon  
  158  11:10  Immortal  
  158  11:16  High Templar x5  
  158  11:17  High Templar, Pylon  
  158  11:18  Zealot x2  
  174  11:21  Archon x2  
  174  11:22  Archon  
  174  11:23  Probe  
  174  11:24  Probe  
  174  11:25  Probe  
  181  11:36  Probe x2  
  181  11:39  Stalker x2  
  187  11:49  Stalker x3  
  187  11:50  Stalker x2  
  187  11:51  Assimilator  
  197  11:55  Assimilator  
  185  12:09  Stargate  
  185  12:11  Psionic Storm, Fleet Beacon  
  185  12:13  Zealot x4  
  193  12:27  Photon Cannon  
  193  12:35  Photon Cannon  
  193  12:38  Photon Cannon  
  193  12:40  Stargate, Shield Battery  
  193  12:49  Tempest  
  193  12:51  Tempest  
  193  12:53  Zealot x3  
  193  13:07  High Templar x3  
  195  13:20  High Templar x2  
  195  13:25  Tempest  
  193  13:31  Zealot  
  200  13:42  Protoss Air Weapons Level 1  
  200  13:53  Nexus, Protoss Shields Level 1  
  200  13:54  Tempest  
  200  13:56  Pylon  
  190  14:05  Tempest  
  200  14:11  Warp Prism  
  200  14:13  Dark Shrine  
  200  14:17  Photon Cannon  
  200  14:19  Photon Cannon  
  200  14:20  Shield Battery  
  196  14:24  Assimilator  
  196  14:28  Assimilator  
  196  14:33  Tempest  
  196  14:36  Zealot  
  183  14:56  Zealot x5  
  183  14:57  Zealot  
  183  14:59  Tempest  
  188  15:21  Oracle  
  188  15:22  Zealot x4  
  188  15:46  Zealot x7  
  189  15:57  Stalker  
  183  16:06  Stalker x4  
  183  16:07  Stalker x2  
  183  16:08  Zealot  
  183  16:11  Tempest x2  
  193  16:18  Archon  
  166  16:27  Stalker  
  166  16:29  Stalker x5  
  166  16:30  Stalker x2  
  160  16:33  Tempest  
  152  16:41  Warp Prism  
  142  16:54  High Templar x8  
  161  17:09  Archon  
Tags
 
Add a new tag
Caveats
  • Supply blocks, unpowered buildings, or Contaminate may cause inaccurate times.
  • Supply counts are checked every 10 seconds.